 Dungeon Sprint DCSS version 0.30-a0-341-g682706514a (webtiles) character file.

Game seed: 1355998561355282421

4600000 Fang the Conqueror (level 23, -94/175 HPs)
             Began as a Gargoyle Berserker on Nov 4, 2022.
             Was the Champion of Makhleb.
             Annihilated by a destroyer
             ... wielding a +9 vorpal great sword
              (238 damage)
             ... in the Dungeon (Sprint VIII: "Arena of Blood").
             The game lasted 00:01:55 (46 turns).

Fang the Conqueror (Gargoyle Berserker)               Turns: 46, Time: 00:01:55

Health: -94/175    AC: 22    Str: 30    XL:     23   Next: 28%
Magic:  21/38      EV: 21    Int: 10    God:    Makhleb [******]
Gold:   0          SH:  0    Dex:  9    Spells: 22/22 levels left

rFire   . . .      SeeInvis .    i - +∞ Axe of Woe
rCold   . . .      Faith    .    (shield currently unavailable)
rNeg    + . .      Spirit   .    b - +0 animal skin
rPois   ∞          Reflect  .    (no helmet)
rElec   +          Harm     .    (no cloak)
rCorr   .          Rampage  .    (no gloves)
Will    +....      NoTele   +    (no boots)
Stlth   +++++++++.               (no amulet)
HPRegen 0.49/turn                (no ring)
MPRegen 0.26/turn                (no ring)

@: flying
A: sickness immunity, AC +17, big wings, negative energy resistance 1,
electricity resistance, torment resistance 1, petrification resistance
a: Renounce Religion, Minor Destruction, Lesser Servant of Makhleb, Major
Destruction, Greater Servant of Makhleb


You were in the Dungeon.
You worshipped Makhleb.
Makhleb was exalted by your worship.
You visited 1 branch

Inventory:

Hand Weapons
 a - a +0 hand axe
 i - the +∞ Axe of Woe (weapon)
   (You found it in the Dungeon)
Armour
 b - a +0 animal skin (worn)
Scrolls
 h - a scroll of blinking
Potions
 c - a potion of curing
 d - a potion of heal wounds
 e - a potion of haste
 f - 2 potions of magic
 g - a potion of berserk rage


   Skills:
 O Level 27 Fighting
 + Level 20.7(23.6) Short Blades
 + Level 19.7(23.2) Long Blades
 O Level 27 Axes
 + Level 21.3(27) Maces & Flails
 + Level 19.7(27) Polearms
 + Level 21.3(27) Staves
 + Level 21.3 Ranged Weapons
 + Level 19.7 Throwing
 O Level 27 Armour
 O Level 27 Dodging
 O Level 27 Stealth
 + Level 23.0 Shields
 + Level 21.3 Unarmed Combat
 + Level 23.0 Invocations
 + Level 19.7 Evocations


You had 22 spell levels left.
You didn't know any spells.
Your spell library was empty.

Dungeon Overview and Level Annotations

Branches:
Dungeon (1/1)

Altars:
Makhleb


Innate Abilities, Weirdness & Mutations

You are immune to sickness and miasma.
Your stone body is resilient. (AC +17)
You are immune to poison.
Your large and strong wings let you fly.
You resist negative energy. (rN+)
You are resistant to electric shocks. (rElec)
You are resistant to unholy torment.
You are immune to petrification.


Message History

You are engulfed in blazing flames.
You hear a shout!
A meat berserker comes into view. It is wielding a +9 battleaxe.
You hear a shout! x4
The large bag of meat is engulfed in blazing flames.
You hear a shout!
A meat berserker comes into view. It is wielding a +9 battleaxe.
The destroyer is engulfed in blazing flames.
The destroyer casts a spell at you.
The destroyer blinks!
You hit the large bag of meat but do no damage.
You fatally mangle the large bag of meat.
Makhleb accepts your kill.
You feel better.
The large bag of meat explodes!
The fiery explosion engulfs you!!
The fiery explosion engulfs the bag of meat!!
You are engulfed in blazing flames.
You hear a roar!
You hear a shout! x7
The bag of meat is engulfed in blazing flames.
Your base Maces & Flails skill increases to level 21!
Your base Staves skill increases to level 21!
Your Ranged Weapons skill increases to level 21!
Your Unarmed Combat skill increases to level 21!
You slice the bag of meat!!
You cleave the bag of meat in twain.
You kill the bag of meat!
Makhleb accepts your kill.
You feel better.
You are engulfed in blazing flames.
The meat berserker rages.
The destroyer gestures at you while chanting.
The destroyer blinks!
An accursed comes into view.
You hear a shout! x2
Your Shields skill increases to level 23!
Your Invocations skill increases to level 23!
The meat berserker hits you with a +9 battleaxe!!
You hear a shout! x3
The destroyer hits you with a +9 vorpal great sword!!!!!
Ouch! That really hurt!
You die...

.......o.M ...
#.......# ....
#.....o.# .....
.###....)O.###.....
...§..###))..°.....
......_.))))§.....
..#§§)))#§)§....#
#§○§O_#))......
#§§§@O#......#.
.....§○oVo......o.
......###o......o.#
.###.. ...###.....
#.. ...# ..... #.
...# ..... .. .....
....


You could see a destroyer, 3 meat berserkers and 4 bags of meat.

Vanquished Creatures
  5 vampire knights (D)
  10 ogres (D)
  4 two-headed ogres (D)
  33 orcs (D)
  3 skeletal warriors (D)
55 creatures vanquished.

Notes
Turn   | Place    | Note
-------+----------+-------------------------------------------
     0 | D        | Found the +∞ Axe of Woe
     0 | D        | Fang the Gargoyle Berserker began the quest for the Orb.
     0 | D        | Reached XP level 1. HP: 14/14 MP: 1/1
     2 | D        | Noticed a bag of meat
     3 | D        | Noticed a bag of meat
     4 | D        | Fell from the grace of Trog
     4 | D        | Became a worshipper of Makhleb the Destroyer
     4 | D        | Noticed a bag of meat
     5 | D        | Noticed a bag of meat
     7 | D        | Killed a bag of meat
     7 | D        | Noticed a bag of meat
     7 | D        | Noticed a meat berserker
     8 | D        | Reached skill level 15 in Axes
     8 | D        | Reached XP level 2. HP: 38/38 MP: 2/2
     8 | D        | Reached XP level 3. HP: 43/43 MP: 3/3
     8 | D        | Reached XP level 4. HP: 49/49 MP: 4/4
     8 | D        | Reached XP level 5. HP: 54/54 MP: 5/5
     8 | D        | Reached XP level 6. HP: 60/60 MP: 6/6
     8 | D        | Reached XP level 7. HP: 64/64 MP: 7/7
     8 | D        | Reached XP level 8. HP: 71/71 MP: 8/8
     8 | D        | Reached XP level 9. HP: 76/76 MP: 9/9
     8 | D        | Reached XP level 10. HP: 81/81 MP: 10/10
     8 | D        | Reached XP level 11. HP: 86/86 MP: 11/11
     8 | D        | Killed a bag of meat
     8 | D        | Reached * piety under Makhleb
     8 | D        | Noticed a bag of meat
     9 | D        | Reached skill level 10 in Armour
     9 | D        | Reached XP level 12. HP: 97/97 MP: 12/12
     9 | D        | Killed a bag of meat
     9 | D        | Killed a bag of meat
     9 | D        | Noticed a meat berserker
    10 | D        | Reached XP level 13. HP: 108/108 MP: 13/13
    10 | D        | Noticed a bag of meat
    11 | D        | Noticed a meat berserker
    11 | D        | Killed a meat berserker
    11 | D        | Reached ** piety under Makhleb
    12 | D        | Reached skill level 10 in Dodging
    12 | D        | Gained mutation: Your large and strong wings let you fly.
                  | [Gargoyle growth]
    12 | D        | Reached XP level 14. HP: 118/118 MP: 14/14
    12 | D        | Killed a bag of meat
    12 | D        | Noticed a bag of meat
    13 | D        | Noticed a meat berserker
    13 | D        | Noticed a meat berserker
    13 | D        | Noticed a bag of meat
    13 | D        | Noticed a bag of meat
    13 | D        | Noticed a bag of meat
    14 | D        | Noticed a bag of meat
    14 | D        | Noticed a bag of meat
    15 | D        | Killed a meat berserker
    15 | D        | Killed a bag of meat
    15 | D        | Reached *** piety under Makhleb
    15 | D        | Noticed a bag of meat
    15 | D        | Noticed a meat berserker
    16 | D        | Reached skill level 27 in Fighting
    16 | D        | Reached skill level 15 in Armour
    16 | D        | Reached XP level 15. HP: 98/127 MP: 15/15
    17 | D        | Killed a meat berserker
    18 | D        | Reached skill level 27 in Axes
    18 | D        | Killed a meat berserker
    19 | D        | Reached XP level 16. HP: 133/133 MP: 16/16
    19 | D        | Noticed a destroyer
    20 | D        | Killed a meat berserker
    20 | D        | Reached **** piety under Makhleb
    21 | D        | Killed a meat berserker
    22 | D        | Reached XP level 17. HP: 139/139 MP: 17/17
    22 | D        | Killed a destroyer
    22 | D        | Reached ***** piety under Makhleb
    22 | D        | Noticed a destroyer
    23 | D        | Reached skill level 27 in Armour
    23 | D        | Reached skill level 27 in Dodging
    23 | D        | Reached XP level 18. HP: 145/145 MP: 18/18
    23 | D        | Noticed a large bag of meat
    24 | D        | Noticed a meat berserker
    25 | D        | Reached skill level 27 in Stealth
    25 | D        | Noticed a meat berserker
    26 | D        | Killed a large bag of meat
    26 | D        | Reached ****** piety under Makhleb
    27 | D        | Reached XP level 19. HP: 134/151 MP: 18/25
    27 | D        | Noticed a destroyer
    28 | D        | Reached skill level 10 in Shields
    28 | D        | Reached skill level 10 in Invocations
    28 | D        | Noticed a large bag of meat
    29 | D        | Killed a destroyer
    29 | D        | Killed a destroyer
    30 | D        | Reached XP level 20. HP: 157/157 MP: 18/29
    30 | D        | Noticed a meat berserker
    31 | D        | Killed a meat berserker
    31 | D        | Killed a meat berserker
    32 | D        | Noticed a large bag of meat
    33 | D        | Killed a large bag of meat
    33 | D        | Noticed a destroyer
    33 | D        | Noticed a large bag of meat
    34 | D        | Reached skill level 15 in Shields
    34 | D        | Reached skill level 15 in Invocations
    34 | D        | Killed a meat berserker
    34 | D        | Noticed a destroyer
    34 | D        | Noticed a destroyer
    35 | D        | Reached skill level 15 in Short Blades
    35 | D        | Reached skill level 15 in Maces & Flails
    35 | D        | Reached skill level 15 in Staves
    35 | D        | Reached skill level 15 in Ranged Weapons
    35 | D        | Reached skill level 15 in Unarmed Combat
    35 | D        | Reached XP level 21. HP: 50/163 MP: 19/33
    35 | D        | HP: 5/163 [bag of meat/+9 war axe (17)]
    36 | D        | Killed a destroyer
    38 | D        | Reached XP level 22. HP: 154/169 MP: 19/35
    40 | D        | Killed a destroyer
    42 | D        | Killed a large bag of meat
    43 | D        | Reached XP level 23. HP: 161/175 MP: 20/38
    44 | D        | Killed a large bag of meat
    45 | D        | Noticed an accursed
    46 | D        | Annihilated by a destroyer

Illustrated notes

Levels and vault maps discovered:
D:        meatsprint

Skill      XL: |  1  2  3  4  5  6  7  8  9 10 11 12 13 14 15 16 17 18 19 20 21 22 23 |
---------------+----------------------------------------------------------------------+-----
Fighting       | 17 20 23 25 27 | 27.0
Axes           | 15 17 20 22 26 27 | 27.0
Armour         | 9 10 12 13 15 21 26 27 | 27.0
Dodging        | 7 8 9 10 12 16 21 27 | 27.0
Stealth        | 4 18 27 | 27.0
Short Blades   | 7 11 15 17 20 | 20.7
Long Blades    | 7 11 14 16 19 | 19.7
Maces & Flails | 7 12 15 17 20 21 | 21.3
Polearms       | 7 11 14 16 19 | 19.7
Staves         | 7 12 15 17 20 21 | 21.3
Ranged Weapons | 7 12 15 17 20 21 | 21.3
Throwing       | 7 11 14 16 19 | 19.7
Shields        | 8 13 16 19 22 23 | 23.0
Unarmed Combat | 7 12 15 17 20 21 | 21.3
Invocations    | 8 13 16 19 22 23 | 23.0
Evocations     | 7 11 14 16 19 | 19.7

Action                   |  1- 3 |  4- 6 |  7- 9 | 10-12 | 13-15 | 16-18 | 19-21 | 22-24 || total
-------------------------+-------+-------+-------+-------+-------+-------+-------+-------++-------
Melee: Executioner's axe |     1 |       |       |     2 |     5 |     6 |     7 |     5 ||    26
Dodge: Dodged            |       |       |       |       |       |     1 |       |       ||     1

Table legend: (Time is in decaauts)
 A = Elapsed time spent in this place.
 B = Non-inter-level travel time spent in this place.
 C = Inter-level travel time spent in this place.
 D = Time resting spent in this place.
 E = Time spent auto-exploring this place.
 F = Levels seen in this place.
 G = Mean time per level.
                   A        B        C        D        E       F      G
               +--------+--------+--------+--------+--------+-----+--------+
         Total |     39 |     39 |      0 |      0 |      0 |   1 |   39.0 |
       Dungeon |     39 |     39 |      0 |      0 |      0 |   1 |   39.0 |
               +--------+--------+--------+--------+--------+-----+--------+

Top non-repeatable levels by time:
       D: 39 daAuts
